 Dungeon Crawl Stone Soup version 0.23-a0-295-g2e428d4 (webtiles) character file.

21 Ijustatesigmund the Magician (level 2, 0/17 HPs)
             Began as an Octopode Wizard on Oct 4, 2018.
             Slain by a quokka (4 damage)
             ... on level 2 of the Dungeon.
             The game lasted 00:01:37 (1475 turns).

Ijustatesigmund the Magician (Octopode Wizard)      Turns: 1475, Time: 00:01:38

Health: 0/17       AC:  1    Str:  6    XL:     2   Next: 83%
Magic:  5/6        EV: 13    Int: 20    God:
Gold:   48         SH:  0    Dex: 10    Spells: 4/7 levels left

rFire    . . .     SeeInvis .   d - +0 whip
rCold    . . .     Gourm    .   (no shield)
rNeg     . . .     Faith    .   a - +0 hat
rPois    .         Spirit   .   (no amulet)
rElec    .         Reflect  .   (no ring)
rCorr    .         Harm     .   (no ring)
MR       .....                  (no ring)
Stlth    +++.......             (no ring)
HPRegen  0.05/turn              (no ring)
MPRegen  0.10/turn              (no ring)
                                (no ring)
                                (no ring)

@: lethally poisoned (0 -> -6)
A: almost no armour, stealthy swim, amphibious, 8 rings, constrict 8, camouflage
1, gelatinous body 1
a: no special abilities


You were on level 2 of the Dungeon.
You were hungry.

You visited 1 branch of the dungeon, and saw 2 of its levels.

You collected 48 gold pieces.

Inventory:

Hand Weapons
 d - a +0 whip (weapon)
Armour
 a - a +0 hat (worn)
Comestibles
 c - a ration


   Skills:
 - Level 2.0 Dodging
 - Level 2.6 Stealth
 - Level 3.0 Spellcasting
 + Level 2.4 Conjurations
   Level 1.0 Summonings
 + Level 1.5 Translocations


You had 4 spell levels left.
You knew the following spells:

 Your Spells              Type           Power        Failure   Level  Hunger
a - Magic Dart            Conj           ##..         5%          1    None
b - Blink                 Tloc           N/A          12%         2    ##.....

Your spell library contained the following spells:

 Spells                   Type           Power        Failure   Level  Hunger
 Call Imp                 Summ           #.......     14%         2    ##.....
 Slow                     Hex            #.......     22%         2    ##.....
 Conjure Flame            Conj/Fire      #.......     26%         3    ###....
 Mephitic Cloud           Conj/Pois/Air  #.......     30%         3    ###....


Dungeon Overview and Level Annotations

Branches:
Dungeon (2/15)

Altars:

Annotations:
D:2 Jessica


Innate Abilities, Weirdness & Mutations

You cannot wear most types of armour.
You are very stealthy in the water. (Stealth+)
You are amphibious.
You can wear up to eight rings at the same time.
You can use your tentacles to constrict eight enemies at once.
Your skin changes colour to match your surroundings (Stealth+).
Your rubbery body absorbs attacks. (AC +1, EV +1)


Message History

You hit the giant cockroach but do no damage.
The giant cockroach is severely wounded.
You constrict the giant cockroach, but do no damage.
The giant cockroach misses you.
You barely miss the giant cockroach.
The giant cockroach is severely wounded.
You constrict the giant cockroach, but do no damage.
The giant cockroach misses you.
You aren't carrying any potions.
Unknown command.
You hit the giant cockroach.
You kill the giant cockroach!
* * * LOW HITPOINT WARNING * * *
You feel sick. The quokka closely misses you. The quokka barely misses you.
You miss the frilled lizard. Your grab misses the frilled lizard.
The quokka closely misses you. The frilled lizard misses you.
You barely miss the frilled lizard. You grab the frilled lizard.
You squeeze the frilled lizard, but do no damage.
You constrict the frilled lizard. The quokka bites you.
You die...

. .. @.. .# .# ....# #.# ...
......######.##.###.
......r@l........... #.#
#....#..###.#........# ..##
##..#.##...##.#.........
...###..#..###...#..........#
#...#..#...# #..###.lS.....#
#.#........# #....#........#
#.#........####...P..P......#
#.#................PP♣.......
.......!...######.P♣P♣.......


You could see Jessica (sleeping), a quokka and a frilled lizard.

Vanquished Creatures
  An adder (D:2)
  A dart slug (D:1)
  A giant cockroach (D:2)
  A hobgoblin (D:1)
  4 kobolds (D:1)
  2 bats (D:1)
  2 rats (D:1)
12 creatures vanquished.

Notes
Turn   | Place    | Note
-------+----------+-------------------------------------------
     0 | D:1      | Ijustatesigmund the Octopode Wizard began the quest for the
                  | Orb.
     0 | D:1      | Reached XP level 1. HP: 11/11 MP: 4/4
   877 | D:1      | Reached XP level 2. HP: 17/17 MP: 1/6
   890 | D:1      | Learned a level 2 spell: Blink
  1461 | D:2      | Noticed Jessica
  1475 | D:2      | Slain by a quokka

Vault maps used:
D:1:      matt_arrival_diagonals, hangedman_decor_peaks_small
D:2:      first_ration, serial_forest, infiniplex_forest_clump_long,
          infiniplex_forest_lined_room_2, infiniplex_forest_end_3,
          infiniplex_forest_clump_medium, infiniplex_forest_lined_1,
          infiniplex_forest_3_way, infiniplex_forest_3_way,
          infiniplex_forest_side_room, uniq_jessica

Skill      XL: |  1 |
---------------+----+-----
Conjurations   | 2 |  2.4
Dodging        | |  2.0
Stealth        | |  2.6
Spellcasting   | |  3.0
Summonings     | |  1.0
Translocations | |  1.5

Action                   || total
-------------------------++-------
Melee: Unarmed           ||     3
       Whip              ||    15
       Constrict         ||     5
       Tentacles         ||     1
 Cast: Magic Dart        ||    27
  Use: Scroll            ||     1
  Eat: Chunk             ||     1
Armor: Skin              ||     1
Dodge: Dodged            ||    16

Table legend:
 A = Non-vault XP
 B = Vault XP
 C = Vault XP percentage of total XP
 D = Non-vault monster count
 E = Vault monster count
 F = Vault count percentage of total count
                 A         B        C        D         E       F
            +---------+---------+-------+---------+---------+-------
      Total |      30 |       0 |   0.0 |      12 |       0 |   0.0
            +---------+---------+-------+---------+---------+-------
        D:1 |      15 |       0 |   0.0 |      10 |       0 |   0.0
        D:2 |      15 |       0 |   0.0 |       2 |       0 |   0.0
            +---------+---------+-------+---------+---------+-------
